 Dungeon Crawl Stone Soup version 0.21.0-24-g2553a3340b (webtiles) character file.

651 Rrauwl the Spear-Bearer (level 7, 0/78 HPs)
             Began as a Merfolk Gladiator on Jan 21, 2018.
             Slain by an ogre
             ... wielding a +0 giant club
              (3 damage)
             ... on level 6 of the Dungeon.
             The game lasted 00:14:36 (3768 turns).

Rrauwl the Spear-Bearer (Merfolk Gladiator)         Turns: 3768, Time: 00:14:37

Health: 0/78       AC: 24    Str: 15    XL:     7   Next: 53%
Magic:  7/7        EV:  2    Int:  9    God:
Gold:   260        SH:  0    Dex: 17    Spells: 4/6 levels left

rFire    . . .     SeeInvis .   a - +0 trident
rCold    . . .     Gourm    +   (no shield)
rNeg     + + +     Faith    .   (armour currently unavailable)
rPois    +         Spirit   .   (helmet currently unavailable)
rElec    .         Reflect  .   (cloak currently unavailable)
rCorr    .         Harm     .   (gloves currently unavailable)
MR       +....     NoTele   +   (boots currently unavailable)
Stlth    ++........             n - amulet of the gourmand
HPRegen  0.63/turn              g - +1 ring of protection
MPRegen  0.10/turn              t - ring of protection from magic

@: tree-form
A: (change form in water), (swift swim), (stealthy swim), clever 1, regeneration
1
a: no special abilities


You were on level 6 of the Dungeon.
You were completely stuffed.
You were a tree.
You visited 1 branch of the dungeon, and saw 6 of its levels.

You collected 358 gold pieces.
You spent 98 gold pieces at shops.

Inventory:

Hand Weapons
 a - a +0 trident (weapon)
 c - a +3 flail of protection
Missiles
 d - 3 throwing nets (quivered)
Armour
 h - a +1 ring mail (melded)
Jewellery
 g - a +1 ring of protection (left branch)
 k - an uncursed ring of magical power
 n - an amulet of the gourmand (around neck)
 t - a ring of protection from magic (right branch)
Wands
 u - a wand of random effects (28)
Scrolls
 e - 9 scrolls of remove curse
 i - 3 scrolls of identify
 m - a scroll of magic mapping
 q - a scroll of teleportation
 r - 2 scrolls of immolation
Potions
 j - a potion of haste
 o - 2 potions of agility
 w - a potion of lignification
Books
 l - a book of Air

   Spells                             Type                      Level
   a - Shock                          Conjuration/Air              1
   b - Swiftness                      Charms/Air                   2
   c - Static Discharge               Conjuration/Air              3
   d - Airstrike                      Air                          4
   e - Lightning Bolt                 Conjuration/Air              5
Comestibles
 f - 9 rations


   Skills:
 - Level 3.0 Fighting
 + Level 8.3 Polearms
 - Level 2.0 Throwing
 - Level 2.0 Armour
 + Level 7.6 Dodging
 - Level 1.0 Stealth


You had 4 spell levels left.
You knew the following spells:

 Your Spells              Type           Power        Failure   Level  Hunger
a - Swiftness             Chrm/Air       #.......     52%         2    ###....


Dungeon Overview and Level Annotations

Branches:
Dungeon (6/15)
 Temple: D:4-7

Altars:
Elyvilon
Zin

Shops:
D:4 }   D:5 *


Innate Abilities, Weirdness & Mutations

((You revert to your normal form in water.))
((You are very nimble and swift while swimming.))
((You are very stealthy in the water. (Stealth+)))
((You have a pair of small antennae on your head.))
Your mind is acute. (Int +2)
Your natural rate of healing is unusually fast.


Message History

You puncture the ogre!
The ogre is heavily wounded.
The ogre hits you with a giant club.
* * * LOW HITPOINT WARNING * * *
You hit the ogre.
The ogre is severely wounded.
You hit the ogre but do no damage.
The ogre is severely wounded.
The ogre hits you with a giant club!
* * * LOW HITPOINT WARNING * * *
You feel better. The ogre hits you with a giant club!
* * * LOW HITPOINT WARNING * * *
You feel better. The ogre hits you with a giant club.
* * * LOW HITPOINT WARNING * * *
You hit the ogre but do no damage.
The ogre is severely wounded.
You hit the ogre.
The ogre is almost dead.
The ogre hits you with a giant club.
You die...

... #.# #.# c#
#.# #=# #.# #.#
#.# #.# #.###.##
#♣##...##
##O#.....#
#.c$.(...# #
##.#.....# .##
####...O##...###
##...<.......
###.##...### #.#
.## #.# ..


You could see an ogre and a centaur.

Vanquished Creatures
  A centaur (D:5)
  A scorpion (D:5)
  A bullfrog zombie (D:5)
  2 jellies
  4 hounds
  2 orc wizards
  Terence (D:3)
  2 worker ants
  9 adders
  An adder zombie (D:5)
  An adder skeleton (D:4)
  2 worms
  A dart slug (D:1)
  2 leopard geckos
  12 orcs
  A ball python (D:3)
  5 giant cockroaches
  10 goblins
  6 hobgoblins
  4 jackals (D:3)
  2 kobolds (D:1)
  A quokka (D:2)
  7 bats
  5 frilled lizards
  A quokka skeleton (D:5)
  7 rats
91 creatures vanquished.

Notes
Turn   | Place    | Note
-------+----------+-------------------------------------------
     0 | D:1      | Rrauwl the Merfolk Gladiator began the quest for the Orb.
     0 | D:1      | Reached XP level 1. HP: 16/16 MP: 1/1
   145 | D:1      | Reached XP level 2. HP: 6/23 MP: 2/2
   795 | D:2      | Reached XP level 3. HP: 23/28 MP: 3/3
  1150 | D:2      | Reached skill level 5 in Polearms
  1258 | D:2      | Reached skill level 1 in Armour
  1287 | D:2      | Reached XP level 4. HP: 31/34 MP: 4/4
  1588 | D:2      | Gained mutation: Your natural rate of healing is unusually fast. [potion of mutation]
  1588 | D:2      | Gained mutation: You have a pair of small antennae on your head. [potion of mutation]
  1588 | D:2      | Gained mutation: Your mind is acute. (Int +2) [potion of mutation]
  1696 | D:3      | Reached skill level 1 in Stealth
  1715 | D:3      | Reached skill level 5 in Dodging
  1880 | D:3      | Reached XP level 5. HP: 34/41 MP: 5/5
  1963 | D:3      | Noticed Terence
  1979 | D:3      | Killed Terence
  2392 | D:4      | Learned a level 2 spell: Swiftness
  2394 | D:4      | Found a glowing silver altar of Zin.
  2416 | D:4      | Reached skill level 6 in Polearms
  2590 | D:4      | Reached XP level 6. HP: 43/47 MP: 6/6
  2598 | D:4      | Found Tiuthrila's Gadget Shoppe.
  2978 | D:5      | Entered Level 5 of the Dungeon
  2996 | D:5      | Reached skill level 7 in Polearms
  3099 | D:5      | Found a white marble altar of Elyvilon.
  3268 | D:5      | Reached XP level 7. HP: 34/52 MP: 7/7
  3426 | D:5      | Reached skill level 8 in Polearms
  3639 | D:5      | Found Ifias's General Store.
  3646 | D:5      | Bought a potion of degeneration for 14 gold pieces
  3646 | D:5      | Bought 2 potions of lignification for 84 gold pieces
  3765 | D:6      | HP: 1/78 [ogre/giant club (14)]
  3768 | D:6      | Slain by an ogre

Skill      XL: |  1  2  3  4  5  6  7 |
---------------+----------------------+-----
Polearms       | 5 6 7 8 |  8.3
Armour         | 1 2 |  2.0
Fighting       | 3 |  3.0
Stealth        | 1 |  1.0
Dodging        | 5 6 7 |  7.6
Throwing       | |  2.0

Action                   |  1- 3 |  4- 6 |  7- 9 || total
-------------------------+-------+-------+-------++-------
Melee: Trident           |    60 |   234 |   111 ||   405
       Flail             |    57 |       |       ||    57
  Use: Scroll            |       |     9 |       ||     9
       Potion            |       |     9 |     4 ||    13
 Stab: Sleeping          |     1 |     5 |       ||     6
  Eat: Chunk             |     1 |    27 |     2 ||    30
Armor: Leather armour    |    13 |       |       ||    13
       Ring mail         |    28 |    46 |    26 ||   100
       Skin              |       |       |     1 ||     1
Dodge: Dodged            |   100 |   135 |    74 ||   309
